 Dungeon Sprint DCSS version 0.21-a0-52-gbf49515 (webtiles) character file.

155 Kidiri the Magician (level 5, 0/31 HPs)
             Began as a Deep Elf Fire Elementalist on June 13, 2017.
             Was an Initiate of Vehumet.
             Slain by a tarantella (9 damage)
             ... summoned by a deep elf mage
             ... in the Dungeon (Sprint III: "The Ten Rune Challenge").
             The game lasted 00:03:57 (524 turns).

Kidiri the Magician (Deep Elf Fire Elementalist)     Turns: 524, Time: 00:03:57

Health: 0/31       AC:  3    Str:  5    XL:     5   Next: 14%
Magic:  11/16      EV: 16    Int: 23    God:    Vehumet [......]
Gold:   12         SH:  0    Dex: 15    Spells: 0/18 levels left

rFire    . . .     SeeInvis .   (no weapon)
rCold    + . .     Gourm    .   (no shield)
rNeg     . . .     Faith    .   a - +1 robe
rPois    .         Spirit   .   (no helmet)
rElec    .         Reflect  .   (no cloak)
rCorr    .         Harm     .   (no gloves)
MR       .....     NoTele   +   (no boots)
Stlth    +.........             (no amulet)
Regen    0.1/turn               (no ring)
MPRegen  0.2/turn               (no ring)

@: confused
A: clever 1, cold resistance 1
a: Renounce Religion


You were in the Dungeon.
You worshipped Vehumet.
Vehumet was noncommittal.
You were not hungry.

You visited 1 branch You collected 12 gold pieces.

Inventory:

Hand Weapons
 n - a +0 dagger
Armour
 a - a +1 robe (worn)
Scrolls
 i - a scroll of blinking
 m - a scroll of immolation
 o - a scroll of magic mapping {unknown}
 r - 2 scrolls of remove curse
Potions
 d - a potion of curing
 e - a potion of heal wounds
 f - a potion of haste
 g - a potion of magic
 h - a potion of berserk rage
 l - a potion of ambrosia
 q - 3 potions of flight
 t - 4 potions of mutation
Books
 j - a book of Minor Magic

   Spells                             Type                      Level
   a - Magic Dart                     Conjuration                  1
   b - Blink                          Translocation                2
   c - Call Imp                       Summoning                    2
   d - Slow                           Hexes                        2
   e - Conjure Flame                  Conjuration/Fire             3
   f - Mephitic Cloud                 Conjuration/Poison/Air       3
Comestibles
 c - a bread ration
 k - 4 chunks of flesh
 p - a meat ration
 s - 2 fruits


   Skills:
 + Level 2.7 Fighting
 + Level 0.0 Short Blades
 + Level 2.7 Armour
 * Level 6.6 Dodging
 - Level 2.4 Stealth
 * Level 7.4 Spellcasting
 + Level 3.8 Conjurations
 + Level 5.1 Fire Magic


You couldn't memorise any spells.
You knew the following spells:

 Your Spells              Type           Power        Failure   Level  Hunger
a - Flame Tongue          Conj/Fire      ####.        1%          1    None
b - Throw Flame           Conj/Fire      ####..       1%          2    None
c - Conjure Flame         Conj/Fire      ####....     3%          3    None
d - Inner Flame           Hex/Fire       ###.....     8%          3    None
e - Sticky Flame          Conj/Fire      ####....     12%         4    ###....
f - Fireball              Conj/Fire      ####......   32%         5    #####..


Dungeon Overview and Level Annotations

Branches:
Dungeon (1/1)

Altars:
Elyvilon
Kikubaaqudgha
Sif Muna
Vehumet
Zin
The Shining One


Innate Abilities, Weirdness & Mutations

Your mind is acute. (Int +2)
Your flesh is cold resistant. (rC+)


Message History

Casting: Flame Tongue
Confirm with . or Enter, or press ? or * to list all spells.
Aiming: Sticky Flame
Press: ? - help, Shift-Dir - straight line, f/p - deep elf mage
Aim: a deep elf mage, wielding a long sword of holy wrath (moderately wounded)
The sticky flame hits the deep elf mage.
The deep elf mage is heavily wounded.
The deep elf mage is covered in liquid flames!
The deep elf mage burns!
The tarantella bites you. The hell rat misses you. The tarantella bites you!
You are confused.
The deep elf mage completely misses you.
You bump into the stone wall.
The deep elf mage burns!
The tarantella misses you. The hell rat misses you.
You bump into the stone wall.
The deep elf mage burns!
The tarantella barely misses you. The hell rat bites you.
The deep elf mage hits you with a long sword of holy wrath.
* * * LOW HITPOINT WARNING * * *
The tarantella bites you!
You die...

▓▓▓▓▓▓ ▓▓▓ .+...♣♣
♣.##### .#....♣♣♣
♣.#___# ##......♣
♣.#.rs#
.#....≈♣♣♣♣♣.###@#+###+
.#...≈≈♣.....#...e......
.#..≈≈≈≈.♣...'.⌠........
'#..≈≈≈≈≈≈♣..#...######+
.#.≈≈≈≈≈≈....#.⌠.#
.#.≈≈≈≈≈.....#...#
.#.≈≈≈.......#+###
##...........#.[:#
.............#___#


You could see a deep elf mage (burning), a tarantella and a hell rat.

Vanquished Creatures
  A water elemental (D)
  Jessica (D)
  A wizard (D)
  A human (D)
  A kobold demonologist (D)
  An ooze (D)
  A phantom (D)
  2 rats (D)
9 creatures vanquished.

Vanquished Creatures (others)
  2 draconian scorchers (D)
  A yaktaur (D)
  6 hellions (D)
  A plant (D)
10 creatures vanquished.

Grand Total: 19 creatures vanquished

Notes
Turn   | Place    | Note
-------+----------+-------------------------------------------
     0 | D        | Kidiri the Deep Elf Fire Elementalist began the quest for the Orb.
     0 | D        | Reached XP level 1. HP: 10/10 MP: 6/6
    28 | D        | Killed a yaktaur
    74 | D        | Reached skill level 1 in Armour
    75 | D        | Noticed Jessica
    77 | D        | Killed Jessica
    77 | D        | Reached skill level 1 in Fighting
    77 | D        | Reached skill level 5 in Spellcasting
    77 | D        | Reached XP level 2. HP: 16/16 MP: 5/10
    77 | D        | Reached XP level 3. HP: 20/20 MP: 5/11
    81 | D        | Learned a level 2 spell: Throw Flame
    85 | D        | Learned a level 3 spell: Conjure Flame
    88 | D        | Killed a hellion
    89 | D        | Learned a level 3 spell: Inner Flame
    89 | D        | Killed a hellion
    89 | D        | Killed a hellion
   127 | D        | Killed a hellion
   134 | D        | Killed a hellion
   150 | D        | Killed a hellion
   160 | D        | Killed a white draconian scorcher
   269 | D        | Gained mutation: Your flesh is cold resistant. (rC+) [potion of mutation]
   269 | D        | Gained mutation: Your muscles are strong. (Str +2) [potion of mutation]
   269 | D        | Lost mutation: Your muscles are strong. (Str +2) [potion of mutation]
   269 | D        | Gained mutation: Your mind is acute. (Int +2) [potion of mutation]
   286 | D        | Killed a white draconian scorcher
   377 | D        | Noticed a water elemental
   379 | D        | Killed a water elemental
   379 | D        | Reached skill level 6 in Spellcasting
   379 | D        | Reached XP level 4. HP: 27/27 MP: 8/14
   393 | D        | Learned a level 4 spell: Sticky Flame
   421 | D        | Found a radiant altar of Vehumet.
   422 | D        | Found a deep blue altar of Sif Muna.
   422 | D        | Found an ancient bone altar of Kikubaaqudgha.
   422 | D        | Noticed a wizard
   425 | D        | Killed a wizard
   425 | D        | Reached skill level 7 in Spellcasting
   425 | D        | Reached skill level 5 in Fire Magic
   425 | D        | Reached XP level 5. HP: 31/31 MP: 6/16
   442 | D        | Learned a level 5 spell: Fireball
   447 | D        | Became a worshipper of Vehumet
   517 | D        | Found a glowing silver altar of Zin.
   518 | D        | Found a glowing golden altar of the Shining One.
   518 | D        | Found a white marble altar of Elyvilon.
   518 | D        | Noticed a deep elf mage
   520 | D        | Noticed a tarantella
   524 | D        | Slain by a tarantella

Vault maps used:
D:        dungeon_sprint_mu

Skill      XL: |  1  2  3  4 |
---------------+-------------+-----
Dodging        | 4 6 |  6.6
Armour         | 1 2 |  2.7
Fighting       | 1 2 |  2.7
Spellcasting   | 5 6 7 |  7.4
Conjurations   | 2 3 |  3.8
Fire Magic     | 4 5 |  5.1
Stealth        | |  2.4

Action                   |  1- 3 |  4- 6 || total
-------------------------+-------+-------++-------
 Cast: Flame Tongue      |    25 |     1 ||    26
       Conjure Flame     |     3 |       ||     3
       Throw Flame       |     1 |       ||     1
       Inner Flame       |     1 |       ||     1
       Sticky Flame      |       |     3 ||     3
  Use: Scroll            |     4 |       ||     4
       Potion            |     2 |       ||     2
Armor: Robe              |       |     1 ||     1
Dodge: Dodged            |     1 |    10 ||    11
